 Dungeon Crawl Stone Soup version 0.30-a0-900-g23479c02f2 (webtiles) character file.

Game seed: 10120025573529284610

8 ooooo the Conjurer (level 2, 19/19 HPs)
             Began as a Demonspawn Conjurer on Mar 19, 2023.
             Quit the game on level 1 of the Dungeon.
             The game lasted 00:01:09 (690 turns).

ooooo the Conjurer (Demonspawn Conjurer)             Turns: 690, Time: 00:01:09

Health: 19/19      AC:  3    Str:  7    XL:     2   Next: 0%
Magic:  10/14      EV: 11    Int: 19    God:
Gold:   71         SH:  0    Dex: 11    Spells: 4/5 levels left

rFire   . . .      SeeInvis .    f - +0 spear
rCold   + . .      Faith    .    (no shield)
rNeg    . . .      Spirit   .    j - +0 leather armour
rPois   .          Reflect  .    (helmet restricted)
rElec   .          Rampage  .    (no cloak)
rCorr   .                        (no gloves)
Will    .....                    (no boots)
Stlth   +                        (no amulet)
HPRegen 0.23/turn                h - ring of magical power
MPRegen 0.14/turn                c - ring of protection from cold

@: very slow
A: antennae 1
a: no special abilities


You were on level 1 of the Dungeon.
You visited 1 branch of the dungeon, and saw 1 of its levels.

You collected 71 gold pieces.

Inventory:

Hand Weapons
 f - a +0 spear (weapon)
Armour
 a - a +0 robe
 j - a +0 leather armour (worn)
Jewellery
 c - a ring of protection from cold (right hand)
 d - a ring of willpower
 g - a ring of protection from fire
 h - a ring of magical power (left hand)
Scrolls
 e - a scroll of enchant armour {unknown}
 i - a scroll of identify {unknown}
 k - a scroll of magic mapping {unknown}
Potions
 b - a potion of magic


   Skills:
 - Level 1.7 Dodging
 - Level 1.7 Stealth
 - Level 2.0 Spellcasting
 + Level 4.4 Conjurations


You had 4 spell levels left.
You knew the following spells:

 Your Spells              Type           Power      Damage    Failure   Level
a - Magic Dart            Conj           72%        1d6       4%          1

Your spell library contained the following spells:

 Spells                   Type           Power      Damage    Failure   Level
 Searing Ray              Conj           36%        2d5       6%          2
 Dazzling Flash           Conj/Hex       20%        N/A       30%         3
 Ensorcelled Hibernation  Hex/Ice        2%         N/A       36%         2
 Spider Form              Tmut/Pois      1%         N/A       58%         3
 Fulminant Prism          Conj/Hex       5%         3d7       71%         4
 Iskenderun's Mystic Bla  Conj/Tloc      10%        2d4       71%         4
 Anguish                  Hex/Necr       0%         N/A       94%         4
 Starburst                Conj/Fire      5%         6d4       100%        6


Dungeon Overview and Level Annotations

Branches:
Dungeon (1/15) Zot: 5292

Altars:


Innate Abilities, Weirdness & Mutations

You have a pair of small antennae on your head.


Message History

You now have 60 gold pieces (gained 11).
Found a stone staircase leading down.
You now have 71 gold pieces (gained 11).
You pick up a book of Dreams and begin reading...
You add the spells Ensorcelled Hibernation, Spider Form and Anguish to your library.
You enter the shallow water.
Moving in this stuff is going to be slow.
You enter the shallow water.
Moving in this stuff is going to be slow.
You enter the shallow water.
Moving in this stuff is going to be slow.
A hobgoblin comes into view.
A hobgoblin is nearby!
Casting: Magic Dart (safe; 4% risk of failure)
Confirm with . or Enter, or press ? or * to list all spells.
Aiming: Magic Dart (safe; 4% risk of failure)
Press: ? - help, Shift-Dir - straight line, f - hobgoblin
Aim: a hobgoblin (100% to hit)
The magic dart hits the hobgoblin.
The hobgoblin is heavily wounded.
Casting: Magic Dart (safe; 4% risk of failure)
Confirm with . or Enter, or press ? or * to list all spells.
Aiming: Magic Dart (safe; 4% risk of failure)
Press: ? - help, Shift-Dir - straight line, f/p - hobgoblin
Aim: a hobgoblin (heavily wounded, 100% to hit)
The magic dart hits the hobgoblin.
The hobgoblin is severely wounded.
The hobgoblin barely misses you.
Casting: Magic Dart (safe; 4% risk of failure)
Confirm with . or Enter, or press ? or * to list all spells.
Aiming: Magic Dart (safe; 4% risk of failure)
Press: ? - help, Shift-Dir - straight line, f/p - hobgoblin
Aim: a hobgoblin (severely wounded, 100% to hit)
The magic dart hits the hobgoblin.
You kill the hobgoblin!
You have reached level 2!
Your demonic ancestry asserts itself...
A pair of antennae grows on your head!
Unknown command.
Are you sure you want to abandon this character and quit the game? (Confirm with "yes".)

.........~♣P~ ≈ ≈≈≈~~~♣P.#.####.#
.##...#..#♣~~~≈~≈≈~~~~~♣......#.P
..........~~~~P≈~~~~~~♣..#.....PP
.##......#PP~~~~~~~~~♣♣..####.~~P
.##..#...# ♣~~~~P~~♣~P~..####.PP~
.###.##... ♣~P~~~~~~♣P.......PP♣
.....# .## ♣♣~P~P~~~♣~...####PP~♣
.##.. ♣~~P~~~~♣P~.### #.~~≈ .#
♣~~@~~♣♣..# #PP~♣~ .#
#..~†♣~♣##..# #~P♣♣P
#.....♣♣~.....#####PP♣~~
##....####.........P~♣~.
#....P♣..♣....#####PP~~.
#..P~♣~.....>.......♣~P.
.♣..~~♣~...♣#.####.P~~P.
..~~~~~~♣....#####~~P..
...♣♣~~~~♣........~....


There were no monsters in sight!

Vanquished Creatures
  A bat (D:1)
  An endoplasm (D:1)
  2 hobgoblins (D:1)
  A ball python (D:1)
  A goblin (D:1)
  A kobold (D:1)
  A rat (D:1)
8 creatures vanquished.

Notes
Turn   | Place    | Note
-------+----------+-------------------------------------------
     0 | D:1      | ooooo the Demonspawn Conjurer began the quest for the Orb.
     0 | D:1      | Reached XP level 1. HP: 13/13 MP: 3/3
   690 | D:1      | Gained mutation: You have a pair of small antennae on your
                  | head. [demonic ancestry]
   690 | D:1      | Reached XP level 2. HP: 19/19 MP: 5/5
   690 | D:1      | Quit the game

Illustrated notes

Levels and vault maps discovered:
D:1:      onia_arrival_mini_spirals, layout_basic, serial_bayou,
          serial_bayou_pond_e, serial_bayou_lagoon_a, serial_bayou_lake_a,
          serial_bayou_pond_a, serial_bayou_pond_e, serial_bayou_crossing,
          shapermc_ecumenical_altar_notcrosses, minmay_misc_feat_rows,
          kennysheep_nondescript, grunt_decor_clamped, minmay_pentomino_s4

Action                     || total
---------------------------++-------
  Melee: Spear             ||    10
         Punch             ||     1
   Cast: Magic Dart        ||    11
 Armour: Robe              ||     2
  Dodge: Dodged            ||     3

Table legend: (Time is in decaauts)
 A = Elapsed time spent in this place.
 B = Non-inter-level travel time spent in this place.
 C = Inter-level travel time spent in this place.
 D = Time resting spent in this place.
 E = Time spent auto-exploring this place.
 F = Levels seen in this place.
 G = Mean time per level.
                   A        B        C        D        E       F      G
               +--------+--------+--------+--------+--------+-----+--------+
         Total |    707 |    707 |      0 |     93 |    530 |   1 |  707.0 |
       Dungeon |    707 |    707 |      0 |     93 |    530 |   1 |  707.0 |
               +--------+--------+--------+--------+--------+-----+--------+

Top non-repeatable levels by time:
     D:1: 707 daAuts
